 Dungeon Crawl Stone Soup version 0.19.0 (webtiles) character file.

3325 PrincessPwny the Spear-Bearer (level 9, -1/70 HPs)
             Began as a Minotaur Berserker on Nov 11, 2016.
             Was an Elder of Trog.
             Slain by a hippogriff (10 damage)
             ... on level 7 of the Dungeon.
             The game lasted 00:13:26 (6401 turns).

PrincessPwny the Spear-Bearer (Minotaur Berserker)  Turns: 6401, Time: 00:13:26

Health: -1/70      AC:  4    Str: 26    XL:     9   Next: 71%
Magic:  8/8        EV: 14    Int:  4    God:    Trog [****..]
Gold:   375        SH:  0    Dex:  9    Spells: 0 memorised, 8 levels left

rFire  . . .     SeeInvis .     q - +2 spear (pierce)
rCold  . . .     Gourm    .     b - +1 animal skin
rNeg   . . .     Faith    .     (no shield)
rPois  .         Spirit   .     (helmet restricted)
rElec  .         Reflect  .     f - +0 cloak
rCorr  +         Harm     .     (no gloves)
MR     .....                    (no boots)
Stlth  +.........               (no amulet)
                                (no ring)
                                l - ring of resist corrosion

@: slightlycontaminated
A: retaliatory headbutt, horns 2, slow regeneration 1
a: Berserk, Trog's Hand, Brothers in Arms, Burn Spellbooks, Renounce Religion


You were on level 7 of the Dungeon.
You worshipped Trog.
Trog was greatly pleased with you.
You were near starving.

You visited 1 branch of the dungeon, and saw 8 of its levels.

You collected 375 gold pieces.

Inventory:

Hand Weapons
 a - a +1 spear
 h - a +0 trident
 q - a +2 spear of piercing (weapon)
 w - a +0 trident of distortion
Armour
 b - a +1 animal skin (worn)
 f - a +0 cloak (worn)
 o - a cursed +0 scale mail
Jewellery
 l - a ring of resist corrosion (left hand)
Wands
 p - a wand of disintegration (11/24)
Scrolls
 d - 2 scrolls of recharging
 j - a scroll of enchant armour
 u - 2 scrolls of identify {@r1}
Potions
 e - a potion of brilliance
 g - a potion of resistance
 i - 2 potions of curing {@q1}
 k - a potion of lignification
 t - a potion of cancellation {unknown}
Comestibles
 c - 3 bread rations
 s - 3 meat rations


   Skills:
 - Level 3.6 Fighting
 - Level 13.9 Polearms
 + Level 5.4 Armour
 * Level 6.6 Dodging


You had 8 spell levels left.
You didn't know any spells.

Dungeon Overview and Level Annotations

Branches:
Dungeon (8/15)             Temple (0/1) D:5            Lair (0/6) D:8

Altars:
Cheibriados
Elyvilon
Gozag
Kikubaaqudgha
Makhleb
Okawaru
Qazlal
Ru
Vehumet
Xom


Innate Abilities, Weirdness & Mutations

You reflexively headbutt those who attack you in melee.
You have a pair of horns on your head.
You regenerate slowly when monsters are visible.


Message History

A hippogriff is nearby!
You are too injured to fight recklessly!
You are too injured to fight recklessly!
You are too injured to fight recklessly!
The hippogriff screeches!
The hippogriff bites you. The hippogriff pecks you. The hippogriff claws you!
* * * LOW HITPOINT WARNING * * *
You feel less contaminated with magical energies.
You puncture the hippogriff!
The hippogriff is moderately wounded.
You barely miss the hippogriff. Your headbutt misses the hippogriff.
The hippogriff is moderately wounded.
The hippogriff closely misses you. x2; The hippogriff claws you!
* * * LOW HITPOINT WARNING * * *
You hit the hippogriff but do no damage.
The hippogriff is moderately wounded.
You puncture the hippogriff! You headbutt the hippogriff!
The hippogriff is severely wounded.
The hippogriff bites you!
You die...

######### #.......# ##
########.#####.# #/
######....H@%.....#.### #.
#...........>.........#####.
#.####.#.................)..
#.# #..#.#.#####.#.........
#.# #..#.#.# #.#(........ #.#
#..#.#.#####)#(........ #.#
#..#.#.(....)))?.......
##.####..#.#######.#.####....
#..#.......#######.#.# #....


You could see a hippogriff.

Vanquished Creatures
  Pikel (D:5)
  Grinder (D:6)
  Sigmund (D:3)
  Menkaure (D:4)
  Edmund (D:6)
  2 wargs
  2 slaves (D:5)
  An ice beast (D:5)
  2 phantoms
  4 ogres
  6 centaurs
  2 bullfrogs (D:7)
  A howler monkey (D:4)
  A bullfrog zombie (D:7)
  2 crimson imps
  A bullfrog skeleton (D:4)
  2 hounds
  An orc wizard (D:7)
  Crazy Yiuf (D:2)
  4 orc priests
  A jelly (D:5)
  Jessica (D:3)
  Natasha (twice) (D:3)
  An iguana (D:4)
  4 worker ants
  2 hound zombies (D:5)
  A howler monkey zombie (D:7)
  Robin (D:3)
  4 gnolls (D:2)
  8 adders
  4 oozes
  2 worms
  2 dart slugs
  3 leopard geckos
  11 orcs
  A ball python (D:3)
  5 giant cockroaches
  13 goblins
  7 hobgoblins (D:3)
  A quokka (D:6)
  7 bats (D:1)
  3 frilled lizards
  A jackal zombie (D:6)
  4 kobolds
  A quokka skeleton (D:4)
  A quokka zombie (D:6)
  9 rats
137 creatures vanquished.

Notes
Turn   | Place    | Note
-------+----------+-------------------------------------------
     0 | D:1      | PrincessPwny the Minotaur Berserker began the quest for the Orb.
     0 | D:1      | Reached XP level 1. HP: 19/19 MP: 0/0
    67 | D:1      | Reached skill level 4 in Polearms
   142 | D:1      | Reached XP level 2. HP: 25/26 MP: 1/1
   674 | D:2      | Reached skill level 5 in Polearms
   742 | D:2      | Reached ** piety under Trog
   765 | D:2      | Reached XP level 3. HP: 25/31 MP: 2/2
  1018 | D:2      | Found a runed door.
  1022 | D:2      | Noticed Crazy Yiuf
  1029 | D:2      | Killed Crazy Yiuf
  1064 | D:2      | Reached skill level 6 in Polearms
  1064 | D:2      | Reached XP level 4. HP: 39/39 MP: 3/3
  1293 | D:3      | Noticed Natasha
  1306 | D:3      | Killed Natasha
  1306 | D:3      | Reached XP level 5. HP: 26/45 MP: 4/4
  1504 | D:3      | Reached skill level 7 in Polearms
  1519 | D:3      | Noticed Robin
  1535 | D:3      | Killed Robin
  1624 | D:3      | Noticed Jessica
  1627 | D:3      | Killed Jessica
  1792 | D:3      | Noticed Sigmund
  1802 | D:3      | Killed Sigmund
  1802 | D:3      | Reached skill level 8 in Polearms
  1802 | D:3      | Reached XP level 6. HP: 51/51 MP: 5/5
  1847 | D:3      | Found a radiant altar of Vehumet.
  1854 | D:3      | Found a stormy altar of Qazlal.
  1865 | D:3      | Found an ancient bone altar of Kikubaaqudgha.
  1872 | D:3      | Found a burning altar of Makhleb.
  1877 | D:3      | Found an iron altar of Okawaru.
  1884 | D:3      | Found a snail-covered altar of Cheibriados.
  1889 | D:3      | Found an opulent altar of Gozag.
  2063 | D:3      | Noticed Natasha
  2069 | D:3      | Killed Natasha
  2069 | D:3      | Reached skill level 9 in Polearms
  2344 | D:4      | HP: 2/51 [phantom (6)]
  2349 | D:4      | Reached XP level 7. HP: 2/57 MP: 6/6
  2707 | D:4      | Reached skill level 10 in Polearms
  2779 | D:4      | Reached *** piety under Trog
  3040 | D:4      | Found a sacrificial altar of Ru.
  3046 | D:4      | Reached skill level 11 in Polearms
  3260 | D:4      | Noticed Menkaure
  3266 | D:4      | Killed Menkaure
  3266 | D:4      | Reached XP level 8. HP: 64/64 MP: 7/7
  3682 | D:5      | Entered Level 5 of the Dungeon
  3752 | D:5      | Reached skill level 12 in Polearms
  3784 | D:5      | Found a staircase to the Ecumenical Temple.
  3980 | D:5      | Found a shimmering altar of Xom.
  4088 | D:5      | Noticed Pikel
  4102 | D:5      | Killed Pikel
  4102 | D:5      | Reached skill level 13 in Polearms
  4471 | D:6      | Noticed Edmund
  4484 | D:6      | Killed Edmund
  4484 | D:6      | Reached XP level 9. HP: 64/70 MP: 8/8
  5086 | D:6      | Noticed Grinder
  5099 | D:6      | Paralysed by something for 5 turns
  5106 | D:6      | Killed Grinder
  5425 | D:6      | Found a white marble altar of Elyvilon.
  5537 | D:7      | Reached **** piety under Trog
  5551 | D:7      | Reached skill level 5 in Dodging
  6264 | D:7      | Gained mutation: You are clumsy. (Dex -2) [mutagenic glow]
  6265 | D:8      | Found a staircase to the Lair.
  6278 | D:8      | Reached skill level 5 in Armour
  6286 | D:8      | HP: 2/105 [warg (7)]
  6313 | D:7      | Lost mutation: You are clumsy. (Dex -2) [mutagenic glow]
  6353 | D:7      | Gained mutation: You regenerate slowly when monsters are visible. [mutagenic glow]
  6401 | D:7      | Slain by a hippogriff

Skill      XL: |  1  2  3  4  5  6  7  8  9 |
---------------+----------------------------+-----
Polearms       | 4 5 6 8 9 11 13 | 13.9
Dodging        | 6 |  6.6
Armour         | 5 |  5.4
Fighting       | |  3.6

Action                   |  1- 3 |  4- 6 |  7- 9 || total
-------------------------+-------+-------+-------++-------
Melee: Spear             |    94 |    90 |   254 ||   438
       Headbutt          |     4 |     9 |    41 ||    54
Invok: Berserk           |     1 |     3 |     7 ||    11
  Use: Scroll            |     5 |     4 |     6 ||    15
 Stab: Sleeping          |     2 |     1 |     2 ||     5
  Eat: Chunk             |       |     7 |     9 ||    16
       Beef jerky        |       |       |     1 ||     1
       Bread ration      |       |       |     1 ||     1
       Royal jelly       |       |       |     1 ||     1
       Pizza             |       |       |     1 ||     1
Armor: Animal skin       |    15 |     8 |    16 ||    39
Dodge: Dodged            |    35 |    30 |    65 ||   130
